 Dungeon Crawl Stone Soup version 0.22.1-1-ga44c0e56f4 (webtiles) character file.

168 JedernureinKreuz the Firebug (level 5, -1/40 HPs)
             Began as a Demigod Fire Elementalist on Sept 19, 2018.
             Slain by a phantom (9 damage)
             ... on level 4 of the Dungeon.
             The game lasted 00:12:04 (2892 turns).

JedernureinKreuz the Firebug (DgFE)                 Turns: 2892, Time: 00:12:04

Health: -1/40      AC:  2    Str: 13    XL:     5   Next: 3%
Magic:  8/11       EV: 13    Int: 21    God:
Gold:   123        SH:  0    Dex: 16    Spells: 7/8 levels left

rFire    . . .     SeeInvis +   v - +1 dagger of Ash {drain, rElec Str+2 SInv Stlth+}
rCold    . . .     Gourm    .   (no shield)
rNeg     . . .     Faith    .   a - +0 robe
rPois    .         Spirit   .   (no helmet)
rElec    +         Reflect  .   (no cloak)
rCorr    .         Harm     .   (no gloves)
MR       .....                  (no boots)
Stlth    +++.......             (no amulet)
HPRegen  0.13/turn              (no ring)
MPRegen  0.12/turn              (no ring)

@: very slightly contaminated
A: high mp 1
a: no special abilities


You were on level 4 of the Dungeon.
You were not hungry.

You visited 1 branch of the dungeon, and saw 4 of its levels.

You collected 123 gold pieces.

Inventory:

Hand Weapons
 b - a +1 dagger of venom
 e - a +1 short sword
 v - the +1 dagger of Ash (weapon) {drain, rElec Str+2 SInv Stlth+}
   (You found it on level 4 of the Dungeon)

   A truly terrible weapon, it drains the life of those it strikes.
   It affects your strength (+2).
   It insulates you from electricity.
   It lets you see invisible.
   It makes you more stealthy.
Missiles
 g - 68 arrows
 o - 16 bolts
Armour
 a - a +0 robe (worn)
Jewellery
 t - an uncursed ring of see invisible {unknown}
Wands
 q - a wand of iceblast (5)
Scrolls
 d - a scroll of amnesia {unknown}
 h - a scroll of fear {unknown}
 i - a scroll of enchant weapon
 j - a scroll of remove curse
 l - a scroll of identify {unknown}
 m - a scroll of fog
 n - a scroll of magic mapping
 s - a scroll of blinking {unknown}
 x - a scroll of teleportation {unknown}
Potions
 f - a potion of berserk rage {unknown}
 k - a potion of brilliance {unknown}
 p - a potion of curing {unknown}
 r - a potion of ambrosia {unknown}
 u - a potion of degeneration {unknown}
Comestibles
 c - 6 rations
 w - 3 chunks of flesh


   Skills:
 - Level 1.0 Fighting
 + Level 1.5 Short Blades
 + Level 2.2 Dodging
 + Level 2.9 Stealth
 + Level 2.3 Spellcasting
 + Level 1.3 Conjurations
 + Level 3.5 Fire Magic


You had 7 spell levels left.
You knew the following spells:

 Your Spells              Type           Power        Failure   Level  Hunger
a - Flame Tongue          Conj/Fire      ##...        5%          1    #......

Your spell library contained the following spells:

 Spells                   Type           Power        Failure   Level  Hunger
 Throw Flame              Conj/Fire      ##....       9%          2    ##.....
 Conjure Flame            Conj/Fire      ##......     16%         3    ###....
 Inner Flame              Hex/Fire       #.......     21%         3    ###....
 Sticky Flame             Conj/Fire      ##......     47%         4    #####..
 Fireball                 Conj/Fire      ##........   83%         5    ######.


Dungeon Overview and Level Annotations

Branches:
Dungeon (4/15)
 Temple: D:4-7


Innate Abilities, Weirdness & Mutations

You have an increased reservoir of magic. (+10% MP)


Message History

Aiming: Flame Tongue (safe; 5% risk of failure)
Press: ? - help, Shift-Dir - straight line, f - phantom
Aim: a phantom (lightly damaged)
The flame tongue misses the phantom.
The phantom closely misses you.
Casting: Flame Tongue (safe; 5% risk of failure)
Confirm with . or Enter, or press ? or * to list all spells.
Aiming: Flame Tongue (safe; 5% risk of failure)
Press: ? - help, Shift-Dir - straight line, f/p - phantom
Aim: a phantom (lightly damaged)
The flame tongue misses the phantom.
The phantom hits you!
* * * LOW HITPOINT WARNING * * *
Casting: Flame Tongue (safe; 5% risk of failure)
Confirm with . or Enter, or press ? or * to list all spells.
Aiming: Flame Tongue (safe; 5% risk of failure)
Press: ? - help, Shift-Dir - straight line, f/p - phantom
Aim: a phantom (lightly damaged)
You miscast Flame Tongue.
You are very lightly contaminated with residual magic.
Nothing appears to happen.
The phantom hits you!
You die...

.####......# ***,,**
..##..##...# *#######,,***
..######...# ##....)...,****
...#* #...# #..........,,,*
##..#* #...## #...........,,*
*#..#*#....# ##...........,,*
*##.##....#
###............,,*
*#......####.W.....(......,,*
##.....##..@#............,,*
##........##............,,*
##.....###.............,,*
##..### #....W...>....,,*
#.## ##....!!......,,* ##.**
##........o..,** **.,***
#........o..,*
***,.,,,***##..........,*
***,,,.#,,,,**#..........,*


You could see a phantom.

Vanquished Creatures
  A hound (D:4)
  A gnoll (D:3)
  4 adders
  An ooze (D:3)
  2 dart slugs (D:2)
  3 leopard geckos
  3 orcs
  A ball python (D:1)
  8 bats
  4 giant cockroaches
  13 goblins
  7 hobgoblins
  4 jackals (D:3)
  9 kobolds
  4 frilled lizards
  9 rats
74 creatures vanquished.

Notes
Turn   | Place    | Note
-------+----------+-------------------------------------------
     0 | D:1      | JedernureinKreuz the Demigod Fire Elementalist began the
                  | quest for the Orb.
     0 | D:1      | Reached XP level 1. HP: 14/14 MP: 5/5
    68 | D:1      | Reached skill level 1 in Conjurations
   109 | D:1      | Reached skill level 3 in Fire Magic
   164 | D:1      | Reached XP level 2. HP: 10/20 MP: 7/7
   927 | D:2      | Found a bloodstained altar of Trog.
   962 | D:2      | Reached XP level 3. HP: 12/26 MP: 8/8
  1659 | D:2      | Reached skill level 1 in Short Blades
  1957 | D:3      | Found a faded altar of an unknown god.
  2013 | D:3      | Reached XP level 4. HP: 33/34 MP: 10/10
  2414 | D:3      | Found an iron altar of Okawaru.
  2483 | D:3      | Found a radiant altar of Vehumet.
  2664 | D:4      | Got a pitted dagger
  2671 | D:4      | Identified the cursed +1 dagger of Ash {drain, rElec Str+2
                  | SInv Stlth+} (You found it on level 4 of the Dungeon)
  2826 | D:4      | Reached skill level 1 in Fighting
  2826 | D:4      | Reached XP level 5. HP: 40/40 MP: 11/11
  2857 | D:4      | Noticed a phantom
  2892 | D:4      | Slain by a phantom

Skill      XL: |  1  2  3  4 |
---------------+-------------+-----
Conjurations   | 1 |  1.3
Fire Magic     | 3 |  3.5
Stealth        | 2 |  2.9
Spellcasting   | 2 |  2.3
Short Blades   | 1 |  1.5
Dodging        | 2 |  2.2
Fighting       | 1 |  1.0

Action                   |  1- 3 |  4- 6 || total
-------------------------+-------+-------++-------
Melee: Dagger            |    96 |    73 ||   169
 Cast: Flame Tongue      |     3 |    15 ||    18
  Use: Scroll            |       |     4 ||     4
 Stab: Sleeping          |    10 |     3 ||    13
  Eat: Chunk             |     3 |     3 ||     6
Armor: Robe              |    23 |    14 ||    37
Dodge: Dodged            |    71 |    55 ||   126
